 Dungeon Sprint DCSS version 0.17-a0-1636-g3119f2b (webtiles) character file.

662 Kidiri the Covert (level 7, -2/32 HPs)
             Began as a Spriggan Enchanter on Aug 5, 2015.
             Slain by a kraken (34 damage)
             ... in the Dungeon (Sprint II: "The Violet Keep of Menkaure").
             The game lasted 00:06:53 (503 turns).

Kidiri the Covert (Spriggan Enchanter)               Turns: 503, Time: 00:06:53

Health: -2/32      AC:  4    Str:  7    XL:     7   Next: 30%
Magic:  18/20      EV: 29    Int: 17    God:
Gold:   227        SH:  0    Dex: 21    Spells: 5 memorised, 12 levels left

rFire  . . .     SeeInvis +     a - +1 dagger
rCold  . . .     Clarity  .     k - +1 robe {rN+}
rNeg   + . .     SustAt   +     (shield restricted)
rPois  +         Gourm    .     (helmet restricted)
rElec  .         Spirit   .     l - +0 cloak (curse)
rCorr  .         Warding  .     (gloves unavailable)
rMut   .         NoTele   +     (boots unavailable)
MR     +....                    (no amulet)
Stlth  +++++++...               (no ring)
                                e - ring of Xueph {SustAt rPois Str+3 Dex+3 Stlth+}

@: very quick, somewhat resistant to hostile enchantments, extremely stealthy
A: unfitting armour, see invisible, herbivore 3, speed 3, slow metabolism 2
a: no special abilities


You were in the Dungeon.
You were not hungry.

You visited 1 branch You collected 972 gold pieces.
You spent 745 gold pieces at shops.

Inventory:

Hand weapons
 a - a +1 dagger (weapon)
Armour
 k - a +1 robe of positive energy (worn)
 l - a cursed +0 cloak (worn)
Jewellery
 e - the ring of Xueph (left hand) {SustAt rPois Str+3 Dex+3 Stlth+}
   (You bought it in a shop in the Dungeon)

   [ring of sustain attributes]

   It sustains your strength, intelligence and dexterity.
   It affects your strength (+3).
   It affects your dexterity (+3).
   It protects you from poison.
   It makes you more stealthy.
Scrolls
 j - a scroll of blinking
Potions
 f - a potion of heal wounds
 g - a potion of haste
 h - 2 potions of magic
 i - a potion of berserk rage
Books
 c - a book of Maledictions

   Spells                             Type                      Level
   a - Corona                         Hexes                        1
   b - Ensorcelled Hibernation        Hexes/Ice                    2
   c - Confuse                        Hexes                        3
   d - Tukima's Dance                 Hexes                        3
   e - Dazzling Spray                 Conjuration/Hexes            3
Comestibles
 d - a bread ration


   Skills:
 + Level 5.7 Short Blades
 * Level 10.7 Dodging
 * Level 11.8 Stealth
 * Level 9.1 Spellcasting
 + Level 2.9 Conjurations
 + Level 7.3 Hexes
 + Level 3.8 Ice Magic


You had 12 spell levels left.
You knew the following spells:

 Your Spells              Type           Power        Failure   Level  Hunger
a - Corona                Hex            ####...      1%          1    None
b - Ensorcelled Hibernat  Hex/Ice        ####..       1%          2    None
c - Confuse               Hex            ####....     1%          3    None
d - Tukima's Dance        Hex            ####....     1%          3    None
e - Dazzling Spray        Conj/Hex       ####....     4%          3    None


Dungeon Overview and Level Annotations

Branches:
Dungeon (1/1)

Altars:
Cheibriados
Dithmenos
Fedhas
Makhleb
Nemelex Xobeh
Okawaru
Qazlal
Ru
Sif Muna
Trog
Yredelemnul
Zin
Jiyva
Lugonu

Shops:
D :!?[}}=(%=%[!:%!

Annotations:
D exclusion: oklob plant


Innate Abilities, Weirdness & Mutations

You are tiny and cannot use many weapons and most armour.
You have supernaturally acute eyesight.
You are a herbivore.
You cover ground extremely quickly.
You need consume almost no food.


Message History

Found an iron altar of Okawaru and a blossoming altar of Fedhas.
Found a burning altar of Makhleb and a shadowy altar of Dithmenos.
Found a bloodstained altar of Trog.
Found a basalt altar of Yredelemnul and a sparkling altar of Nemelex Xobeh.
There are no items here.
Unknown command.
Unknown command.
Really walk into a travel-excluded area?
Found a corrupted altar of Lugonu.
The kraken completely misses you.
Found a sacrificial altar of Ru.
You hit the kraken.
The kraken is lightly wounded.
The kraken is no longer blind.
Found three altars.
You hit the kraken but do no damage.
The kraken is lightly wounded.
The kraken bites you!!
Ouch! That really hurt!
You die...

≈#..##%# ...#
#####.####..##
.###'###.##..# #
#.##.##.###..# .# #
##'.<%'##.'..### .##.#
#.##.##...#....###...##
%###%###.##......≈≈≈≈≈≈≈
###.#.####≈≈..§§§≈#+####
≈#..#..#≈≈≈≈≈§≈.@≈#.....
≈###.###≈≈≈§≈§§≈X≈#._.⌠.
≈≈##+##≈≈≈≈≈≈§≈≈§≈#_._._
#≈≈≈≈≈≈≈≈≈≈≈≈§§≈§≈#._._.
#+++#+++#≈≈≈≈§≈§§≈#_._._
.≈z§ ##≈≈≈###§§#._._.
§§z§≈≈##§≈ ≈§#.._._
§§z§.§z§+≈§ ≈≈#..._.
z§§z§≈§##


You could see a kraken.

Vanquished Creatures
  2 hippogriffs (D)
  4 brain worms (D)
  A hell rat (D)
  4 worker ants (D)
  3 worms (D)
14 creatures vanquished.

Notes
Turn   | Place    | Note
--------------------------------------------------------------
     0 | D        | Kidiri the Spriggan Enchanter began the quest for the Orb.
     0 | D        | Reached XP level 1. HP: 9/9 MP: 5/5
     1 | D        | Noticed a worker ant
     1 | D        | Noticed a worker ant
     1 | D        | Noticed a worker ant
     1 | D        | Noticed a worker ant
     5 | D        | Noticed a brain worm
    21 | D        | Reached skill level 5 in Stealth
    22 | D        | Reached XP level 2. HP: 13/13 MP: 5/7
    26 | D        | Learned a level 2 spell: Ensorcelled Hibernation
    63 | D        | Killed a worker ant
    63 | D        | Reached skill level 5 in Dodging
    63 | D        | Reached skill level 6 in Stealth
    63 | D        | Reached XP level 3. HP: 16/16 MP: 7/9
   196 | D        | Killed a worker ant
   196 | D        | Reached skill level 1 in Ice Magic
   203 | D        | Killed a worker ant
   203 | D        | Reached skill level 7 in Stealth
   203 | D        | Reached skill level 5 in Spellcasting
   203 | D        | Reached skill level 5 in Hexes
   203 | D        | Reached XP level 4. HP: 21/21 MP: 3/12
   205 | D        | Killed a worker ant
   205 | D        | Reached skill level 8 in Stealth
   210 | D        | Learned a level 3 spell: Confuse
   214 | D        | Learned a level 3 spell: Tukima's Dance
   218 | D        | Learned a level 3 spell: Dazzling Spray
   287 | D        | Killed a brain worm
   287 | D        | Reached skill level 1 in Conjurations
   287 | D        | Reached XP level 5. HP: 24/24 MP: 13/15
   288 | D        | Noticed a brain worm
   290 | D        | Killed a brain worm
   290 | D        | Reached skill level 9 in Stealth
   291 | D        | Noticed a brain worm
   291 | D        | Noticed a brain worm
   293 | D        | Killed a brain worm
   293 | D        | Reached skill level 10 in Stealth
   293 | D        | Reached XP level 6. HP: 28/28 MP: 13/17
   295 | D        | Killed a brain worm
   295 | D        | Reached skill level 5 in Short Blades
   319 | D        | Noticed a hippogriff
   319 | D        | Noticed a hippogriff
   322 | D        | Killed a hippogriff
   322 | D        | Reached skill level 10 in Dodging
   322 | D        | Reached skill level 11 in Stealth
   325 | D        | Killed a hippogriff
   325 | D        | Reached XP level 7. HP: 32/32 MP: 17/20
   351 | D        | Noticed a lava snake
   351 | D        | Noticed a lava snake
   352 | D        | Noticed a lava snake
   353 | D        | Noticed a lava snake
   353 | D        | Noticed a kraken
   368 | D        | Noticed a flying skull
   368 | D        | Noticed a flying skull
   368 | D        | Noticed a flying skull
   368 | D        | Noticed a flying skull
   368 | D        | Noticed a flying skull
   369 | D        | Noticed a flying skull
   369 | D        | Noticed a flying skull
   369 | D        | Noticed a flying skull
   369 | D        | Noticed a flying skull
   369 | D        | Noticed a flying skull
   370 | D        | Noticed a flying skull
   370 | D        | Noticed a flying skull
   372 | D        | Found Borios's Food Emporium.
   373 | D        | Found Oheuheing's Distillery.
   374 | D        | Found Hiosud's Jewellery Shoppe.
   374 | D        | Found Ihyoruw's Food Emporium.
   374 | D        | Found Plog's Antique Weapon Shoppe.
   375 | D        | Noticed a hell rat
   377 | D        | Killed a hell rat
   380 | D        | Found Inou's Gadget Emporium.
   380 | D        | Found Lodwap's Gadget Shoppe.
   381 | D        | Found Plog's Antique Armour Shoppe.
   381 | D        | Found Doecaim's Antique Armour Emporium.
   382 | D        | Found Dudae's Magic Scroll Shoppe.
   382 | D        | Found Rarof's Distillery.
   382 | D        | Found Cucil's Book Shoppe.
   382 | D        | Found Ocsoerum's Jewellery Emporium.
   382 | D        | Noticed a yak
   383 | D        | Found Areong's Distillery.
   383 | D        | Found Febume's Food Emporium.
   385 | D        | Noticed a yak
   385 | D        | Noticed a yak
   385 | D        | Noticed an oklob plant
   386 | D        | Found Qezonol's Book Shoppe.
   388 | D        | Noticed a redback
   391 | D        | Noticed a redback
   393 | D        | Noticed a slime creature
   393 | D        | Noticed a slime creature
   426 | D        | Bought the ring of Xueph {SustAt rPois Str+3 Dex+3 Stlth+} for 617 gold pieces
   433 | D        | Bought a glowing robe for 16 gold pieces
   440 | D        | Bought an embroidered cloak for 112 gold pieces
   489 | D        | Noticed a kraken
   493 | D        | Found a snail-covered altar of Cheibriados.
   494 | D        | Found a deep blue altar of Sif Muna.
   495 | D        | Found an iron altar of Okawaru.
   495 | D        | Found a blossoming altar of Fedhas.
   496 | D        | Found a burning altar of Makhleb.
   496 | D        | Found a shadowy altar of Dithmenos.
   497 | D        | Found a bloodstained altar of Trog.
   498 | D        | Found a basalt altar of Yredelemnul.
   498 | D        | Found a sparkling altar of Nemelex Xobeh.
   499 | D        | Found a corrupted altar of Lugonu.
   500 | D        | Found a sacrificial altar of Ru.
   502 | D        | Found a glowing silver altar of Zin.
   502 | D        | Found a stormy altar of Qazlal.
   502 | D        | Found a viscous altar of Jiyva.
   503 | D        | Slain by a kraken

Vault maps used:
D:        the_violet_keep_of_menkaure

Action                   |  1- 3 |  4- 6 |  7- 9 || total
-------------------------+-------+-------+-------++-------
Melee: Dagger            |     6 |     7 |     3 ||    16
 Cast: Ensorcelled Hiber |     6 |     1 |       ||     7
       Dazzling Spray    |       |       |     1 ||     1
  Use: Potion            |     1 |       |       ||     1
 Stab: Sleeping          |     6 |     7 |     1 ||    14
